 Dungeon Crawl Stone Soup version 0.29-a0-284-gf9362112df (webtiles) character file.

Game seed: 1326895919332102997

1418 zazu2006 the Magician (level 8, -2/66 HPs)
             Began as a Naga Hedge Wizard on Mar 19, 2022.
             Killed by nerve-wracking pain
             ... invoked by Menkaure
              (12 damage)
             ... on level 6 of the Dungeon.
             The game lasted 00:17:17 (7829 turns).

zazu2006 the Magician (Naga Hedge Wizard)           Turns: 7829, Time: 00:17:17

Health: -2/66      AC:  4    Str: 19    XL:     8   Next: 71%
Magic:  7/17       EV: 10    Int: 17    God:
Gold:   319        SH:  0    Dex: 10    Spells: 5/19 levels left

rFire   + . .      SeeInvis +   n - staff of fire
rCold   + . .      Faith    .   (no shield)
rNeg    . . .      Spirit   .   b - +0 robe
rPois   +          Reflect  .   c - +0 hat
rElec   .          Harm     .   (no cloak)
rCorr   .          Rampage  .   v - +0 pair of gloves
Will    +....                   (no barding)
Stlth   +++.......              (no amulet)
HPRegen 0.21/turn               m - ring of protection from cold
MPRegen 0.15/turn               w - +6 ring of strength

@: mighty, brilliant, on blink cooldown, very slow
A: AC +2, large, see invisible, deformed body, poison resistance, slowness 2,
spit poison 1, naga tail 1
a: Spit Poison


You were on level 6 of the Dungeon.
You visited 1 branch of the dungeon, and saw 6 of its levels.

You collected 319 gold pieces.

Inventory:

Hand Weapons
 a - a +0 dagger
 q - a +3 dagger
 A - a +0 long sword
Missiles
 s - a throwing net
Armour
 b - a +0 robe (worn)
 c - a +0 hat (worn)
 v - a +0 pair of gloves (worn)
 x - a +0 buckler
Magical Staves
 n - a staff of fire (weapon)
 o - a staff of earth
Jewellery
 m - a ring of protection from cold (left hand)
 w - a +6 ring of strength (right hand)
 y - a +4 ring of evasion
Wands
 p - a wand of digging (4)
Scrolls
 f - 3 scrolls of teleportation {unknown}
 g - 2 scrolls of fog {unknown}
 h - a scroll of blinking {unknown}
 i - a scroll of magic mapping {unknown}
 j - 2 scrolls of torment {unknown}
 l - 3 scrolls of identify {unknown}
 t - a scroll of enchant armour {unknown}
 u - 2 scrolls of amnesia {unknown}
Potions
 d - a potion of magic
 k - 3 potions of curing
 r - a potion of brilliance


   Skills:
 + Level 1.7 Fighting
 + Level 2.7 Dodging
 + Level 5.4 Stealth
 * Level 1.5 Shields
 + Level 6.2 Spellcasting
 + Level 5.4 Conjurations
 + Level 1.0 Summonings
 + Level 1.0 Translocations
 + Level 2.1 Air Magic
 + Level 4.1 Poison Magic


You had 5 spell levels left.
You knew the following spells:

 Your Spells              Type           Power      Damage    Failure   Level
a - Magic Dart            Conj           100%       1d8       1%          1
b - Mephitic Cloud        Conj/Pois/Air  27%        N/A       8%          3
c - Conjure Flame         Conj/Fire      32%        6-21      12%         3
d - Blink                 Tloc           26%        N/A       13%         2
e - Iskenderun's Battles  Conj           35%        2d9       36%         5

Your spell library contained the following spells:

 Spells                   Type           Power      Damage    Failure   Level
 Searing Ray              Conj           70%        2d7       1%          2
 Slow                     Hex            28%        N/A       13%         1
 Call Imp                 Summ           13%        N/A       13%         2
 Ignite Poison            Fire/Tmut/Pois 22%        N/A       22%         3
 Fulminant Prism          Conj/Hex       10%        3d9       38%         4
 Sticky Flame             Conj/Fire      32%        2d5       38%         4
 Fireball                 Conj/Fire      16%        3d8       75%         5
 Conjure Ball Lightning   Conj/Air       13%        3x3d6     99%         6
 Orb of Destruction       Conj           17%        9d7       100%        7


Dungeon Overview and Level Annotations

Branches:
Dungeon (6/15)
 Temple: D:4-7

Altars:
Ashenzari
Gozag
Kikubaaqudgha
Makhleb
Qazlal
Trog

Shops:
D:3 *   D:4 =

Annotations:
D:6 Menkaure


Innate Abilities, Weirdness & Mutations

Your serpentine skin is tough. (AC +2)
You have supernaturally acute eyesight. (SInv)
Armour fits poorly on your strangely shaped body.
Your system is resistant to poisons. (rPois)
You cover ground very slowly.
You can spit poison.
You have a snake-like lower body.


Message History

Menkaure rustles, "Let me perform the rites..."
Menkaure rustles, "It doesn't hurt if you pull your brain out of your nose yourself."
There is a stone staircase leading up here.
It was a potion of curing.
You feel better. Menkaure hits you!
It was a potion of heal wounds.
You feel much better. Menkaure completely misses you.
It was a potion of brilliance.
You feel clever all of a sudden. Menkaure hits you but does no damage.
Menkaure hits you!
Casting: Magic Dart (safe; 1% risk of failure)
Confirm with . or Enter, or press ? or * to list all spells.
Aiming: Magic Dart (safe; 1% risk of failure)
Press: ? - help, Shift-Dir - straight line, f - Menkaure
Aim: Menkaure (fast, 100% to hit)
You feel a surge of power!
The magic dart hits Menkaure but does no damage.
Menkaure hits you!
Casting: Magic Dart (safe; 1% risk of failure)
Confirm with . or Enter, or press ? or * to list all spells.
Aiming: Magic Dart (safe; 1% risk of failure)
Press: ? - help, Shift-Dir - straight line, f/p - Menkaure
Aim: Menkaure (fast, 100% to hit)
You feel a surge of power!
The magic dart hits Menkaure.
Menkaure is lightly damaged.
Menkaure hits you!!
* * * LOW HITPOINT WARNING * * *
You feel much better.
Menkaure rustles drily.
Menkaure hits you!!
* * * LOW HITPOINT WARNING * * *
Casting: Magic Dart (safe; 1% risk of failure)
Confirm with . or Enter, or press ? or * to list all spells.
You feel a surge of power!
You blink.
Okay, then.
Okay, then.
It was a potion of might.
You feel very mighty all of a sudden. Menkaure casts a spell at you.
Pain shoots through your body!
You die...

##..## ###..## ###
#....## #.#
##..#.#####
#.###.M###M.#.#
#..#..## ##..##
#....## #...#
###...# ##.###
.###.@..## #.M#
#........## ###..##
#.........###.....#
#...............###
# .#
#................##
...#
.....####.........##
...# #...#
#........#.# ...#
##.. ##......#####
.... ##.......# ###


You could see Menkaure (fast).

Vanquished Creatures
  An acid dragon (D:4)
  A sky beast (D:5)
  A black bear (D:4)
  3 ogres
  A phantom (D:4)
  A gnoll sergeant (D:5)
  3 scorpions
  2 howler monkeys
  A hound (D:6)
  An orc priest (D:6)
  A jelly (D:6)
  4 iguanas
  Ijyb (D:4)
  4 orc wizards
  6 gnolls
  6 adders
  An ufetubus (D:4)
  A worm (D:3)
  2 dart slugs
  12 orcs
  7 bats
  7 endoplasms
  A giant cockroach (D:4)
  2 hobgoblins
  7 kobolds
  2 quokkas
  5 ball pythons
  5 frilled lizards
  8 goblins
  8 rats
105 creatures vanquished.

Vanquished Creatures (others)
  A human (D:5)
1 creature vanquished.

Grand Total: 106 creatures vanquished

Notes
Turn   | Place    | Note
-------+----------+-------------------------------------------
     0 | D:1      | zazu2006 the Naga Hedge Wizard began the quest for the Orb.
     0 | D:1      | Reached XP level 1. HP: 15/15 MP: 4/4
   837 | D:1      | Reached XP level 2. HP: 22/22 MP: 1/6
  1225 | D:2      | Found a faded altar of an unknown god.
  1541 | D:2      | Found a stormy altar of Qazlal.
  1760 | D:2      | Reached XP level 3. HP: 14/28 MP: 2/8
  2701 | D:3      | Found a broken altar of Ashenzari.
  2713 | D:3      | Learned a level 3 spell: Mephitic Cloud
  2717 | D:3      | Learned a level 3 spell: Conjure Flame
  2720 | D:3      | Learned a level 2 spell: Blink
  2781 | D:3      | Reached skill level 4 in Spellcasting
  2883 | D:3      | Noticed an ogre
  2896 | D:3      | Found Acudgh's Assorted Antiques.
  3016 | D:3      | Reached XP level 4. HP: 36/36 MP: 5/10
  3393 | D:3      | Noticed an ogre
  3416 | D:3      | Killed an ogre
  3417 | D:3      | Reached skill level 1 in Poison Magic
  3417 | D:3      | Reached XP level 5. HP: 10/42 MP: 6/11
  3670 | D:3      | Killed an ogre
  3671 | D:3      | Reached skill level 1 in Air Magic
  3671 | D:3      | Reached XP level 6. HP: 50/50 MP: 5/12
  4237 | D:4      | Noticed Ijyb
  4257 | D:4      | Killed Ijyb
  4363 | D:4      | Noticed an acid dragon
  4507 | D:4      | Noticed a black bear
  4546 | D:4      | Killed a black bear
  4658 | D:4      | Found a burning altar of Makhleb.
  4854 | D:4      | Found Vetweag's Jewellery Shoppe.
  4873 | D:5      | Entered Level 5 of the Dungeon
  4890 | D:5      | Noticed a sky beast
  5223 | D:5      | Reached skill level 1 in Fighting
  5223 | D:5      | Reached skill level 5 in Spellcasting
  5223 | D:5      | Reached XP level 7. HP: 57/57 MP: 4/14
  5833 | D:5      | Reached XP level 8. HP: 34/64 MP: 3/16
  6213 | D:4      | Found a bloodstained altar of Trog.
  6422 | D:4      | Reached skill level 1 in Shields
  6508 | D:4      | Learned a level 5 spell: Iskenderun's Battlesphere
  6553 | D:4      | Reached skill level 6 in Spellcasting
  6809 | D:5      | Found an ancient bone altar of Kikubaaqudgha.
  6884 | D:5      | Found an opulent altar of Gozag.
  7477 | D:6      | Reached skill level 5 in Stealth
  7736 | D:6      | Reached skill level 5 in Conjurations
  7790 | D:6      | Noticed Menkaure
  7829 | D:6      | Killed from afar by Menkaure

Illustrated notes

Levels and vault maps discovered:
D:1:      nicolae_arrival_somewhat_less_tricky_arrival, layout_basic,
          amcnicky_mini_pool_small, hangedman_decor_push, st_stairs_14
D:2:      minmay_wonky_spiral, layout_loops_ring, basic_altar,
          ebering_ecumenical_altar_abandoned, grunt_decor_arrowhead,
          grunt_decor_resistance
D:3:      layout_basic, mainiacjoe_overflow_paths, serial_shops, shop_coins,
          hangedman_abyss_or_decor_lesser_grid, minmay_diced_spiral
D:4:      layout_cave_pools, trog_book, marbit_many_paths, serial_shops,
          nicolae_shop_behind_doors, uniq_ijyb
D:5:      layout_basic, nicolae_gozag_cash_rules_everything_around_me,
          tgw_kikubaaqudgha, kennysheep_generic_room_10
D:6:      layout_layer_cave, lemuel_coloured_pillars_altar,
          nicolae_vehumet_altar_sigil, minmay_misc_feat_cross, uniq_maggie,
          uniq_menkaure, uniq_eustachio

Skill      XL: |  1  2  3  4  5  6  7  8 |
---------------+-------------------------+-----
Dodging        | 2 |  2.7
Spellcasting   | 4 5 6 |  6.2
Conjurations   | 2 3 4 5 |  5.4
Poison Magic   | 1 2 3 4 |  4.1
Air Magic      | 1 2 |  2.1
Stealth        | 4 5 |  5.4
Fighting       | 1 |  1.7
Shields        | 1 |  1.5
Summonings     | |  1.0
Translocations | |  1.0

Action                   |  1- 3 |  4- 6 |  7- 9 || total
-------------------------+-------+-------+-------++-------
Melee: Dagger            |     8 |     7 |       ||    15
       Staff             |       |    16 |    13 ||    29
       Punch             |       |     1 |       ||     1
 Cast: Magic Dart        |    99 |    76 |   160 ||   335
       Mephitic Cloud    |     1 |     9 |     8 ||    18
       Blink             |       |       |     1 ||     1
       Iskenderun's Batt |       |       |     1 ||     1
 Abil: Spit Poison       |     9 |    16 |    20 ||    45
  Use: Potion            |       |       |     5 ||     5
 Stab: Confused          |       |     1 |     1 ||     2
       Sleeping          |       |     1 |     1 ||     2
Armor: Robe              |    13 |     5 |    17 ||    35
Dodge: Dodged            |    18 |    21 |    35 ||    74

Table legend: (Time is in decaauts)
 A = Elapsed time spent in this place.
 B = Non-inter-level travel time spent in this place.
 C = Inter-level travel time spent in this place.
 D = Time resting spent in this place.
 E = Time spent auto-exploring this place.
 F = Levels seen in this place.
 G = Mean time per level.
                   A        B        C        D        E       F      G
               +--------+--------+--------+--------+--------+-----+--------+
         Total |   9310 |   9014 |    296 |   1094 |   6678 |   6 | 1551.7 |
       Dungeon |   9310 |   9014 |    296 |   1094 |   6678 |   6 | 1551.7 |
               +--------+--------+--------+--------+--------+-----+--------+

Top non-repeatable levels by time:
     D:4: 2028 daAuts
     D:3: 1802 daAuts
     D:2: 1777 daAuts
     D:5: 1626 daAuts
     D:1: 1487 daAuts
     D:6: 587 daAuts
